 Dungeon Crawl Stone Soup version 0.18-b1-22-ge198996 (webtiles) character file.

26144 Hubbles the Grappler (level 12, 0/123 HPs)
             Began as a Troll Monk on May 3, 2016.
             Was the Champion of Cheibriados.
             Killed from afar by a balrug (22 damage)
             ... with a fireball
             ... on level 4 of the Abyss.
             The game lasted 00:23:17 (10605 turns).

Hubbles the Grappler (Troll Monk)                  Turns: 10605, Time: 00:23:17

Health: 0/123      AC: 11    Str: 43      XL:     12   Next: 95%
Magic:  11/11      EV: 14    Int: 20 (21) God:    Cheibriados [******]
Gold:   1006       SH: 15    Dex: 28      Spells: 0 memorised, 11 levels left

rFire  + . .     SeeInvis .       - Unarmed
rCold  . . .     Gourm    +     a - +1 robe
rNeg   . . .     Faith    .     C - +0 shield
rPois  .         Spirit   .     f - +2 hat
rElec  .         Dismiss  .     B - +2 cloak
rCorr  .         Reflect  .     (gloves unavailable)
SustAt .         Harm     .     (boots unavailable)
MR     .....                    (no amulet)
Stlth  ++........               y - ring of protection from fire
                                j - +3 ring of strength

@: very slow, not resistant to hostile enchantments, unstealthy
A: unfitting armour, claws 3, blurry vision 1, fast metabolism 3, gourmand,
regeneration 2, shaggy fur 1, tough skin 2, subdued magic 1, MP-powered wands
a: Bend Time, Temporal Distortion, Slouch, Step From Time, Renounce Religion


You were on level 4 of the Abyss.
You worshipped Cheibriados.
Cheibriados was exalted by your worship.
You were not hungry.

You visited 2 branches of the dungeon, and saw 13 of its levels.
You visited the Abyss 1 time.

You collected 1006 gold pieces.

Inventory:

Hand Weapons
 I - the cursed +1 hand crossbow "Zuud" {elec, *Confuse +Blink +Inv rPois, unknown}
   (You found it on level 3 of the Abyss)

   It charges the ammunition it shoots with electricity; occasionally upon a
   hit, such missiles may discharge and cause terrible harm.
   It protects you from poison.
   It lets you turn invisible.
   It lets you blink.
   It may confuse you when you take damage.
   It has a curse placed upon it.
Armour
 a - a +1 robe (worn)
 f - a +2 hat (worn)
 B - a +2 cloak (worn)
 C - a +0 shield (worn)
Jewellery
 j - a +3 ring of strength (left claw)
 y - a ring of protection from fire (right claw)
Wands
 e - a wand of confusion (18/48)
 s - a wand of lightning (0/15)
 D - a wand of enslavement (13/24)
Scrolls
 p - 2 scrolls of enchant weapon
 q - 8 scrolls of remove curse
 r - a scroll of magic mapping
 w - a scroll of enchant armour
 x - 7 scrolls of amnesia
 E - 2 scrolls of blinking
 H - a scroll of teleportation
 M - 2 scrolls of fog
Potions
 d - 6 potions of lignification
 i - a potion of ambrosia
 k - 2 potions of cancellation
 l - 2 potions of flight
 m - 3 potions of mutation {unknown}
 n - a potion of beneficial mutation {unknown}
 t - a potion of invisibility {unknown}
 u - 3 potions of brilliance {unknown}
 z - 3 potions of resistance {unknown}
 F - a potion of might {unknown}
 G - a potion of haste {unknown}
Books
 v - a book of Spatial Translocations

   Spells                             Type                      Level
   a - Apportation                    Translocation                1
   b - Blink                          Translocation                2
   c - Shroud of Golubria             Charms/Translocation         2
   d - Portal Projectile              Translocation                3
   e - Teleport Other                 Translocation                3
   f - Passage of Golubria            Translocation                4
Comestibles
 b - 10 bread rations
 c - 11 meat rations
 h - 5 beef jerkies
 o - 4 fruits
 J - a royal jelly


   Skills:
 + Level 9.1 Fighting
 * Level 4.0 Armour
 * Level 4.1 Dodging
 - Level 1.1 Stealth
 - Level 9.6 Shields
 + Level 14.5 Unarmed Combat


You had 11 spell levels left.
You didn't know any spells.

Dungeon Overview and Level Annotations

Branches:
Dungeon (10/15)            Temple (0/1) D:6            Lair (3/8) D:8
  Swamp: Lair:3-6    Shoals: Lair:3-6     Snake: Lair:3-6    Spider: Lair:3-6
    Orc: D:9-12

Altars:
Ashenzari
Cheibriados
Elyvilon
Fedhas
Kikubaaqudgha
Nemelex Xobeh
Qazlal
Ru
Trog

Annotations:
Lair:3 Sonja


Innate Abilities, Weirdness & Mutations

You are too large for most types of armour.
You have claws for hands.
Your metabolism is lightning-fast.
You like to eat raw meat.
You heal very quickly.
You are covered in fur (AC +1).
You have very tough skin (AC +2).
Scrolls take you a little longer to read.
Your spells are a little easier to cast, but a little less powerful.
You expend magic power (3 MP) to strengthen your wands.


Message History

The neqoxec gestures at you.
You feel dopey. Something feeds on your intellect!
Unknown command.
Drink which item? (? for menu, Esc to quit)
Okay, then.
You block the basilisk's attack.
Unknown command.
The neqoxec gestures.
The balrug gestures at you. You block the sticky flame.
The balrug gestures at you. The bolt of fire hits you! You resist.
* * * LOW HITPOINT WARNING * * *
You block the balrug's attack. The balrug gestures at you.
The bolt of fire misses you.
Unknown command.
The balrug gestures at you.
The fireball explodes!
The fireball engulfs you! You resist.
You die...

# .# .# ###.
####..##
#++#..#...#
##.. #..@# .#
#... #.2## #
#...##.## # #
#.5#x# ..# .#
#.#5l##.∩. #3
#.#5#3.# #
#.#.. #.# ##
#.#.##.......
.. ###
#..#.###..###


You could see a balrug, a small abomination, a quasit and a shadow imp.

Vanquished Creatures
  Gastronok (Lair:2)
  A tentacled starspawn (Abyss:3)
  Harold (D:10)
  A hydra (Lair:1)
  Nergalle (Lair:2)
  A golden dragon zombie (Abyss:2)
  Pikel (D:6)
  16 elephants (Lair:2)
  An elephant (shapeshifter) (Abyss:3)
  3 black mambas
  A rime drake (Lair:3)
  5 spiny frogs
  A merfolk (D:9)
  A hellwing (Abyss:4)
  Prince Ribbit (D:8)
  7 blink frogs (Lair:2)
  Sigmund (D:4)
  3 starcursed masses (Abyss:4)
  3 basilisks
  A ynoxinul (Abyss:4)
  A hippogriff (Lair:2)
  13 yaks
  3 large abominations
  Edmund (D:4)
  3 water moccasins
  2 hell hounds (D:8)
  Duvessa (D:4)
  2 orc warriors
  2 porcupines (Lair:1)
  An ice beast (D:7)
  2 sky beasts
  A phantom (D:9)
  A slave (D:6)
  An eye of draining (D:10)
  A necrophage (D:6)
  4 wolves (Lair:3)
  An ogre (D:9)
  4 centaurs
  5 crocodiles
  A big kobold (D:10)
  14 giant frogs
  Dowan (D:4)
  5 scorpions
  3 killer bees (D:8)
  3 wights (D:7)
  3 howler monkeys (D:8)
  A centaur zombie (D:6)
  3 crimson imps
  4 jellies
  A hound (D:6)
  3 centaur skeletons
  4 orc priests
  8 orc wizards
  7 iguanas
  6 worker ants
  5 sheep (Lair:3)
  A hound zombie (D:5)
  A howler monkey zombie (D:6)
  4 gnolls (D:6)
  A howler monkey skeleton (D:5)
  9 adders
  13 river rats
  A shadow imp (D:8)
  An ufetubus (Abyss:2)
  2 oozes
  An adder skeleton (D:8)
  5 worms
  A dart slug (D:1)
  5 giant geckos
  35 orcs
  4 ball pythons
  6 bats
  9 giant cockroaches
  6 hobgoblins
  11 jackals
  A quokka (D:3)
  A giant gecko skeleton (D:5)
  5 giant newts
  6 goblins
  15 kobolds
  A quokka skeleton (D:5)
  13 rats
  2 starspawn tentacles (Abyss:3)
332 creatures vanquished.

Vanquished Creatures (others)
  A wizard (D:6)
  2 kobold demonologists (Abyss:3)
  2 orcs
  46 fungi (Lair:2)
  15 plants
  2 starspawn tentacles (Abyss:3)
  15 starspawn tentacle segments (Abyss:3)
83 creatures vanquished.

Grand Total: 415 creatures vanquished

Notes
Turn   | Place    | Note
--------------------------------------------------------------
     0 | D:1      | Hubbles the Troll Monk began the quest for the Orb.
     0 | D:1      | Reached XP level 1. HP: 22/22 MP: 0/0
   110 | D:1      | Reached XP level 2. HP: 28/29 MP: 1/1
   470 | D:1      | Reached skill level 1 in Armour
   602 | D:2      | Reached XP level 3. HP: 36/36 MP: 2/2
   714 | D:2      | Found a white marble altar of Elyvilon.
  1334 | D:2      | Reached XP level 4. HP: 44/44 MP: 3/3
  1568 | D:3      | Reached skill level 5 in Unarmed Combat
  1697 | D:3      | Found an ancient bone altar of Kikubaaqudgha.
  1701 | D:3      | Found a snail-covered altar of Cheibriados.
  1712 | D:3      | Became a worshipper of Cheibriados the Contemplative
  1712 | D:3      | Reached * piety under Cheibriados
  1712 | D:3      | Reached ** piety under Cheibriados
  1744 | D:3      | Reached XP level 5. HP: 31/53 MP: 4/4
  2157 | D:4      | Noticed Edmund
  2170 | D:4      | Killed Edmund
  2170 | D:4      | Reached skill level 6 in Unarmed Combat
  2170 | D:4      | Reached XP level 6. HP: 33/61 MP: 5/5
  2173 | D:4      | Noticed Sigmund
  2190 | D:4      | Killed Sigmund
  2281 | D:4      | Reached XP level 7. HP: 62/68 MP: 6/6
  2542 | D:4      | Noticed Duvessa
  2542 | D:4      | Noticed Dowan
  2551 | D:4      | Killed Duvessa
  2557 | D:4      | Killed Dowan
  2557 | D:4      | Reached skill level 7 in Unarmed Combat
  2670 | D:4      | Reached *** piety under Cheibriados
  2766 | D:5      | Entered Level 5 of the Dungeon
  3476 | D:6      | Reached XP level 8. HP: 67/79 MP: 7/7
  3523 | D:6      | Reached skill level 8 in Unarmed Combat
  3570 | D:6      | Reached **** piety under Cheibriados
  3601 | D:6      | Found a staircase to the Ecumenical Temple.
  3802 | D:6      | Reached skill level 5 in Fighting
  3872 | D:6      | Found a bloodstained altar of Trog.
  3875 | D:6      | Noticed a wizard
  3879 | D:6      | Killed a wizard
  4077 | D:6      | Reached skill level 9 in Unarmed Combat
  4100 | D:6      | Noticed Pikel
  4115 | D:6      | Killed Pikel
  4115 | D:6      | Reached XP level 9. HP: 66/88 MP: 8/8
  4483 | D:6      | Found a shattered altar of Ashenzari.
  4490 | D:6      | Found a sparkling altar of Nemelex Xobeh.
  4490 | D:6      | Found a sacrificial altar of Ru.
  4501 | D:6      | Found a stormy altar of Qazlal.
  4505 | D:6      | Found a bloodstained altar of Trog.
  4764 | D:7      | Reached ***** piety under Cheibriados
  4903 | D:7      | Reached skill level 10 in Unarmed Combat
  5262 | D:8      | Found a staircase to the Lair.
  5360 | D:8      | Reached skill level 1 in Shields
  5497 | D:8      | Noticed Prince Ribbit
  5511 | D:8      | Killed Prince Ribbit
  6042 | D:9      | Reached XP level 10. HP: 100/100 MP: 9/9
  6598 | D:10     | Entered Level 10 of the Dungeon
  6720 | D:10     | Reached skill level 11 in Unarmed Combat
  6819 | D:10     | Noticed Harold
  6838 | D:10     | Killed Harold
  6946 | D:10     | Found a blossoming altar of Fedhas.
  7003 | D:10     | Reached ****** piety under Cheibriados
  7315 | Lair:1   | Entered Level 1 of the Lair of Beasts
  7319 | Lair:1   | Noticed a spiny frog
  7321 | Lair:1   | Killed a spiny frog
  7321 | Lair:1   | Reached skill level 5 in Shields
  7374 | Lair:1   | Noticed a spiny frog
  7386 | Lair:1   | Killed a spiny frog
  7723 | Lair:1   | Noticed a spiny frog
  7734 | Lair:1   | Killed a spiny frog
  7734 | Lair:1   | Reached skill level 12 in Unarmed Combat
  7734 | Lair:1   | Reached XP level 11. HP: 63/109 MP: 10/10
  7922 | Lair:1   | Noticed a four-headed hydra
  8020 | Lair:1   | Killed a four-headed hydra
  8319 | Lair:2   | Noticed Gastronok
  8676 | Lair:2   | Killed Gastronok
  8676 | Lair:2   | Reached skill level 13 in Unarmed Combat
  8868 | Lair:2   | Reached XP level 12. HP: 110/120 MP: 11/11
  8912 | Lair:2   | Noticed Nergalle
  8926 | Lair:2   | Killed Nergalle
  9644 | Lair:3   | Noticed Sonja
  9648 | Lair:3   | Reached skill level 14 in Unarmed Combat
  9892 | Lair:3   | Cast into level 2 of the Abyss (Sonja)
  9949 | Abyss:2  | Noticed a great orb of eyes
  9949 | Abyss:2  | Found a corrupted altar of Lugonu.
 10114 | Abyss:3  | Got an ichor-stained hand crossbow
 10252 | Abyss:3  | Noticed a tentacled starspawn
 10261 | Abyss:3  | Killed a tentacled starspawn
 10335 | Abyss:3  | Noticed a hell hog
 10337 | Abyss:3  | Noticed a hell hog
 10516 | Abyss:4  | Found a corrupted altar of Lugonu.
 10536 | Abyss:4  | Noticed a starcursed mass
 10547 | Abyss:4  | Killed a starcursed mass
 10590 | Abyss:4  | Noticed a balrug
 10590 | Abyss:4  | Gained mutation: Your spells are a little easier to cast, but a little less powerful. [a neqoxec]
 10597 | Abyss:4  | Gained mutation: You expend magic power (3 MP) to strengthen your wands. [a neqoxec]
 10599 | Abyss:4  | Gained mutation: Scrolls take you a little longer to read. [a neqoxec]
 10605 | Abyss:4  | Killed from afar by a balrug

Skill      XL: |  1  2  3  4  5  6  7  8  9 10 11 12 |
---------------+-------------------------------------+-----
Armour         | 1 2 3 4 |  4.0
Unarmed Combat | 5 6 7 9 10 12 13 14 | 14.5
Fighting       | 3 4 5 6 7 8 9 |  9.1
Dodging        | 3 4 |  4.1
Shields        | 2 5 7 9 |  9.6
Stealth        | |  1.1

Action                   |  1- 3 |  4- 6 |  7- 9 | 10-12 || total
-------------------------+-------+-------+-------+-------++-------
Melee: Unarmed           |   111 |   108 |   248 |   449 ||   916
       Punch             |       |     2 |    13 |    12 ||    27
Throw: Javelin           |       |       |       |    28 ||    28
       Throwing net      |       |       |       |     6 ||     6
Evoke: Wand              |       |       |       |     3 ||     3
  Use: Scroll            |     3 |     3 |    13 |     9 ||    28
       Potion            |       |       |       |     8 ||     8
 Stab: Sleeping          |     3 |       |     4 |     4 ||    11
       Distracted        |       |       |     5 |     5 ||    10
       Held in net/web   |       |       |       |     5 ||     5
  Eat: Chunk             |    17 |     7 |    25 |    23 ||    72
       Fruit             |       |       |       |     2 ||     2
       Pizza             |       |       |       |     1 ||     1
Armor: Robe              |    39 |    28 |    69 |   114 ||   250
Dodge: Dodged            |    44 |    47 |   124 |   251 ||   466
Block: Shield            |       |       |       |   315 ||   315
